Map: Abyssal Reef LE

Players

SamuraiFunn - Winner!

  • Race: Protoss Protoss
  • Spawn Location: 5:00

A.I. 1 (Elite)

  • Race: Protoss Protoss
  • Spawn Location: 11:00

VOD

Have the link to the VOD?

Description

Time

  • Played on: Nov. 23, 2017, 6:09 p.m.
  • Length: 11:14
Show
View Real Time Build Order
Export as new Build Order

SamuraiFunn Protoss - Winner!

Build Orders:  

Get SALT Encoding   

  12  0:00  Probe  
  13  0:13  Probe  
  14  0:25  Pylon  
  14  0:26  Probe  
  15  0:36  Assimilator  
  15  0:43  Probe  
  15  0:48  Gateway  
  16  0:55  Probe  
  17  1:00  Assimilator  
  17  1:07  Probe  
  18  1:19  Probe  
  19  1:31  Probe  
  20  1:39  Cybernetics Core  
  20  1:43  Probe  
  21  1:50  Pylon  
  21  1:55  Nexus  
  21  1:58  Probe  
  22  2:21  Zealot  
  24  2:35  Twilight Council  
  24  2:38  Probe  
  25  2:50  Probe  
  26  2:52  Assimilator  
  26  2:55  Assimilator  
  26  3:00  Warp Gate (Chrono Boost)  
  26  3:04  Pylon  
  26  3:11  Pylon  
  26  3:18  Robotics Facility  
  26  3:21  Probe x2  
  28  3:33  Probe x2  
  30  3:45  Robotics Facility  
  30  3:49  Robotics Facility  
  30  3:51  Gateway  
  30  3:59  Gateway  
  30  4:01  Gateway, Probe  
  31  4:05  Probe  
  32  4:13  Probe  
  33  4:23  Probe  
  34  4:24  Dark Shrine  
  34  4:25  Probe  
  35  4:35  Probe  
  35  4:38  Probe  
  37  4:41  Warp Prism  
  39  4:52  Probe x2  
  41  5:04  Warp Prism  
  43  5:15  Probe x2  
  43  5:19  Pylon  
  45  5:27  Probe  
  45  5:28  Probe  
  47  5:37  Warp Prism  
  47  5:42  Dark Templar x4  
  57  6:18  Immortal  
  61  6:21  Dark Templar x3  
  61  6:22  Dark Templar  
  69  6:35  Pylon  
  55  7:29  Dark Templar x4  
  61  7:40  Pylon  
  61  7:47  Robotics Facility  
  61  7:51  Robotics Facility x2  
  61  7:53  Robotics Bay  
  61  7:55  Gateway x2  
  61  8:11  Nexus  
  61  8:13  Pylon, Dark Templar x4  
  61  8:15  Pylon  
  61  8:17  Pylon  
  69  8:20  Assimilator  
  69  8:25  Assimilator  
  69  9:18  Dark Templar x4  
  73  10:25  Probe x2  
  75  10:30  Probe  
  72  10:37  Probe  
Show
View Real Time Build Order
Export as new Build Order

A.I. 1 (Elite) Protoss 

Build Orders: Mass Adepts, Zealot Archon 

Get SALT Encoding   

  12  0:00  Probe  
  13  0:13  Probe  
  14  0:19  Pylon  
  14  0:25  Probe  
  15  0:37  Probe  
  15  0:39  Gateway  
  16  0:47  Assimilator  
  16  0:49  Probe  
  17  1:01  Probe  
  17  1:02  Pylon  
  18  1:13  Probe  
  19  1:25  Probe  
  19  1:28  Cybernetics Core, Zealot  
  22  1:37  Probe  
  23  1:42  Gateway  
  23  1:50  Probe  
  24  1:54  Pylon  
  24  2:02  Probe, Zealot  
  27  2:09  Warp Gate  
  27  2:14  Probe  
  28  2:26  Probe  
  28  2:29  Adept x2  
  33  2:36  Gateway  
  33  2:46  Gateway  
  33  2:56  Stalker  
  33  2:57  Stalker  
  37  3:06  Probe  
  37  3:08  Pylon  
  37  3:11  Assimilator  
  38  3:18  Probe  
  39  3:26  Adept  
  41  3:27  Adept  
  41  3:32  Stalker  
  45  3:39  Stalker  
  47  3:46  Pylon  
  47  4:11  Adept x2  
  47  4:12  Adept  
  53  4:17  Adept  
  53  4:21  Pylon  
  55  4:39  Zealot x2, Adept x2  
  63  4:47  Pylon  
  63  4:57  Robotics Facility  
  63  5:05  Adept  
  63  5:06  Adept  
  67  5:12  Adept  
  69  5:18  Adept  
  71  5:27  Pylon  
  71  5:33  Pylon  
  71  5:45  Sentry  
  71  5:47  Twilight Council  
  71  5:48  Observer  
  74  6:12  Pylon  
  74  6:31  Nexus, Templar Archives  
  74  7:05  Zealot x3  
  74  7:06  Zealot  
  80  7:12  Probe  
  66  7:22  Pylon  
  66  7:24  Probe  
  66  7:25  High Templar  
  66  7:26  High Templar  
  71  7:36  Probe  
  72  7:39  Archon  
  72  7:40  High Templar  
  72  7:43  Probe  
  75  7:48  Probe  
  76  7:55  Probe  
  77  8:00  Probe  
  78  8:07  Probe  
  78  8:10  High Templar  
  78  8:12  Probe  
  82  8:19  Probe, Stalker  
  85  8:24  Probe  
  86  8:28  Archon  
  86  8:31  Probe  
  87  8:36  Probe  
  88  8:43  Probe  
  88  8:45  Assimilator  
  88  8:46  High Templar  
  91  8:48  Probe  
  91  8:49  Assimilator  
  91  8:55  Probe  
  91  9:01  Probe  
  70  9:14  High Templar  
  56  9:18  Probe  
  56  9:20  Zealot  
  39  9:29  Probe  
  26  9:38  Zealot  
  24  9:43  Probe  
  21  9:49  High Templar  
  23  9:55  Archon  
  23  9:57  Probe  
  23  10:19  High Templar  
  17  10:45  Probe, Zealot  
  8  10:57  Probe  
Tags
 
Add a new tag
Caveats
  • Supply blocks, unpowered buildings, or Contaminate may cause inaccurate times.
  • Supply counts are checked every 10 seconds.